 Dungeon Crawl Stone Soup version bcrawl-1.39.1 (console) character file.

Game seed: 4250438392364592705

198121 Lexodia the Conjurer (level 7, -1/36 HPs)
             Began as an Avariel Fire Elementalist on July 31, 2023.
             Shot with an arrow by a centaur (12 damage)
             ... on level 5 of the Dungeon.
             The game lasted 00:15:09 (3829 turns).

Lexodia the Conjurer (Avariel Fire Elementalist)    Turns: 3829, Time: 00:15:09

Health: -1/36      AC:  4    Str:  4 (6)  XL:     7   Next: 33%
Magic:  17/17      EV: 12    Int: 20 (23) God:
Gold:   249        SH:  0    Dex: 10 (13) Spells: 6/17 levels left

rFire    + . .     GDR:     22% t - +0 hunting sling
rCold    . . .     SeeInvis .   (no shield)
rNeg     . . .     Gourm    .   a - +0 robe
rPois    .         Faith    .   (no helmet)
rElec    .         Spirit   .   w - +0 cloak
rCorr    .         Reflect  .   (no gloves)
MR       .....                  m - +0 pair of boots
Stlth    ++........             (no amulet)
HPRegen  0.16/turn              b - ring of protection from fire
MPRegen  0.15/turn              (no ring)

@: no status effects
A: no striking features
a: no special abilities


You were on level 5 of the Dungeon.
You were hungry.

You visited 1 branch of the dungeon, and saw 5 of its levels.

You collected 249 gold pieces.

Inventory:

Hand Weapons
 f - a +0 short sword
 p - a +0 blowgun
 t - a +0 hunting sling (weapon)
 x - a +2 quarterstaff of chaos
Missiles
 d - 459 stones (quivered)
 r - 5 poisoned needles
Armour
 a - a +0 robe (worn)
 m - a +0 pair of boots (worn)
 w - a +0 cloak (worn)
Jewellery
 b - a ring of protection from fire (left hand)
Wands
 u - a wand of acid (9)
 v - a wand of iceblast (6)
Scrolls
 g - a scroll of enchant weapon {unknown}
 i - 9 scrolls of identify
 j - a scroll of blinking {unknown}
 k - 2 scrolls of remove curse {unknown}
 l - 4 scrolls of enchant armour {unknown}
 n - a scroll of noise {unknown}
 s - a scroll of fear {unknown}
Potions
 c - a potion of magic {unknown}
 h - a potion of cancellation {unknown}
 o - a potion of resistance {unknown}
 q - 2 potions of curing
Comestibles
 e - 11 rations {!d}


   Skills:
 - Level 2.1 Dodging
 - Level 2.1 Stealth
 + Level 5.9 Spellcasting
 + Level 6.9 Conjurations
 + Level 4.9 Fire Magic


You had 6 spell levels left.
You knew the following spells:

 Your Spells              Type           Power        Failure   Level  Hunger
a - Flame Tongue          Conj/Fire      ####.        1%          1    None
b - Conjure Flame         Conj/Fire      ####....     2%          3    ##.....
c - Inner Flame           Hex/Fire       N/A          12%         3    ##.....
d - Sticky Flame          Conj/Fire      ####....     10%         4    ####...

Your spell library contained the following spells:

 Spells                   Type           Power        Failure   Level  Hunger
 Flaming Arrows           Chrm/Fire      ###.....     6%          2    None
 Fireball                 Conj/Fire      ####......   26%         5    ######.


Dungeon Overview and Level Annotations

Branches:
Dungeon (5/12)
 Temple: D:4-7

Altars:
Ashenzari
Cheibriados
Fedhas
Lugonu
Qazlal
Sif Muna
Wu Jian


Message History

A rune on the stairs sparks and fizzles.
Found an escape hatch in the floor.
Found a stone staircase leading down.
There is a stone staircase leading up here.
A centaur comes into view.
Found an escape hatch in the ceiling.
Firing (i - inventory)
d - 461 stones (quivered)
Press: ? - help, Shift-Dir - straight line, f - centaur
Aim: a centaur, quivering 210 arrows (resting)
You shoot a stone.
The stone hits the centaur but does no damage.
The centaur shouts!
The centaur wields a +0 shortbow of velocity.
The centaur shoots an arrow.
The arrow hits you!
Firing (i - inventory)
d - 460 stones (quivered)
Press: ? - help, Shift-Dir - straight line, f/p - centaur
Aim: a centaur, wielding a +0 shortbow of velocity and quivering 209 arrows You shoot a stone.
The stone barely misses the centaur.
The centaur shoots an arrow.
The arrow hits you!
The centaur shoots an arrow.
The arrow hits you!
You die...

##........<#
...c.....>.##
#..........#
##..........#
##...........#
#............#
#..........#
##.##..>.....#
.......<@....#
########.....#
#.....#
#######


You could see a centaur.

Vanquished Creatures
  A phantom (D:3)
  A howler monkey (D:2)
  A hound (D:4)
  Crazy Yiuf (D:4)
  5 orc wizards
  2 worker ants
  A hound skeleton (D:4)
  A howler monkey zombie (D:4)
  A worker ant zombie (D:4)
  4 gnolls (D:3)
  A howler monkey skeleton (D:4)
  An adder (D:3)
  2 oozes
  3 worms
  2 dart slugs
  7 leopard geckos
  10 orcs
  A ball python (D:2)
  2 giant cockroaches
  5 goblins
  8 hobgoblins
  9 jackals
  6 bats
  4 frilled lizards
  A jackal skeleton (D:4)
  11 kobolds
  7 rats
98 creatures vanquished.

Notes
Turn   | Place    | Note
-------+----------+-------------------------------------------
     0 | D:1      | Lexodia the Avariel Fire Elementalist began the quest for
                  | the Orb.
     0 | D:1      | Reached XP level 1. HP: 10/10 MP: 6/6
   297 | D:1      | Reached XP level 2. HP: 15/15 MP: 6/8
   302 | D:1      | Reached skill level 2 in Conjurations
   687 | D:1      | Reached XP level 3. HP: 18/19 MP: 5/9
   694 | D:1      | Learned a level 3 spell: Conjure Flame
   737 | D:1      | Learned a level 3 spell: Inner Flame
  1204 | D:2      | Found an ornate altar of the Wu Jian Council.
  1235 | D:2      | Found a stormy altar of Qazlal.
  1269 | D:2      | Found a blossoming altar of Fedhas.
  1270 | D:2      | Found a shimmering blue altar of Sif Muna.
  1270 | D:2      | Found a corrupted altar of Lugonu.
  1271 | D:2      | Found a shattered altar of Ashenzari.
  1466 | D:2      | Reached skill level 3 in Conjurations
  1466 | D:2      | Reached XP level 4. HP: 22/24 MP: 6/12
  1811 | D:2      | Reached skill level 4 in Conjurations
  2122 | D:3      | Reached XP level 5. HP: 27/28 MP: 6/13
  2208 | D:3      | Found a shattered altar of Ashenzari.
  2235 | D:3      | Noticed a phantom
  2249 | D:3      | Killed a phantom
  2250 | D:3      | Reached skill level 5 in Conjurations
  2304 | D:3      | Reached XP level 6. HP: 30/32 MP: 5/15
  2342 | D:3      | Reached skill level 5 in Spellcasting
  2347 | D:3      | Reached skill level 6 in Conjurations
  2352 | D:3      | Learned a level 4 spell: Sticky Flame
  2982 | D:4      | Reached XP level 7. HP: 16/36 MP: 1/17
  3173 | D:4      | Found a snail-covered altar of Cheibriados.
  3555 | D:4      | Found a runed door.
  3706 | D:4      | Noticed Crazy Yiuf
  3714 | D:4      | Killed Crazy Yiuf
  3790 | D:5      | Entered Level 5 of the Dungeon
  3829 | D:5      | Shot with an arrow by a centaur

Skill      XL: |  1  2  3  4  5  6 |
---------------+-------------------+-----
Spellcasting   | 3 4 5 |  5.9
Conjurations   | 2 3 4 5 6 |  6.9
Fire Magic     | 4 |  4.9
Dodging        | |  2.1
Stealth        | |  2.1

Action                   |  1- 3 |  4- 6 |  7- 9 || total
-------------------------+-------+-------+-------++-------
Melee: Short sword       |     1 |     1 |       ||     2
       Blowgun           |       |     1 |       ||     1
       Hunting sling     |       |       |     4 ||     4
       Unarmed           |       |       |     4 ||     4
 Fire: Blowgun           |       |    11 |     2 ||    13
       Hunting sling     |       |    20 |    29 ||    49
Throw: Stone             |    20 |    15 |       ||    35
 Cast: Flame Tongue      |    57 |    91 |    11 ||   159
       Conjure Flame     |       |     3 |     1 ||     4
       Sticky Flame      |       |       |     3 ||     3
Evoke: Wand              |       |     4 |       ||     4
  Use: Potion            |       |       |     3 ||     3
  Eat: Chunk             |     3 |     7 |     4 ||    14
Armor: Robe              |     3 |     7 |     2 ||    12
       Skin              |       |       |     9 ||     9
Dodge: Dodged            |     6 |    16 |     4 ||    26
